[Event "Titled Tuesday Blitz March 28 Early 2023"]
[White "lolliNOPE"]
[Black "Koellner, Ruben Gideon"]
[BlackFideId "12993093"]
[WhiteElo "2046"]
[BlackElo "2303"]
[Result "1-0"]
[Round "01"]
[TimeControl "180+2"]
[Date "2023.03.28"]
[WhiteClock "0:00:29"]
[BlackClock "0:00:10"]

1. e4 d6 2. d4 Nf6 3. Nc3 e5 4. Nf3 Nbd7 5. Bc4 Be7 6. O-O c6 7. Qe2 h6 8. dxe5 dxe5 9. Rd1 Qc7 10. h3 Nf8 11. a4 g5 12. Nh2 Ng6 13. Nf1 Nf4 14. Qe3 Be6 15. Be2 h5 16. Ng3 h4 17. Nf5 Kf8 18. b3 Bxf5 19. exf5 N6d5 20. Nxd5 cxd5 21. c4 d4 22. Qe4 Bf6 23. Bxf4 exf4 24. Bf3 Rb8 25. Ra2 Kg7 26. Re2 Qb6 27. Qd3 Rhe8 28. Rde1 Rxe2 29. Rxe2 Rd8 30. Bd5 Qb4 31. Re4 Qc3 32. Qxc3 dxc3 33. Re2 b6 34. Kf1 a6 35. Ke1 b5 36. axb5 axb5 37. Kd1 bxc4 38. bxc4 Rb8 39. Rc2 Bd4 40. Ke2 Kf6 41. f3 Rb1 42. Kd3 Rd1+ 43. Ke2 Rg1 44. Kd3 Be5 45. c5 Rb1 46. c6 Rb4 47. Be4 Rb5 48. Rxc3 Bxc3 49. Kxc3 Rc5+ 50. Kd4 Rc1 51. Kd5 Ke7 52. f6+ Kxf6 53. Kd6 Rd1+ 54. Kc7 Ke6 55. Kb7 Rc1 56. c7 Rxc7+ 57. Kxc7 f5 58. Bb7 Ke5 59. Kd7 Kd4 60. Ke6 Ke3 61. Kxf5 Kf2 62. Kxg5 Kg3 63. Bc6 Kxg2 64. Kxh4 Kf2 65. Kg4 Ke3 66. h4 Kd4 67. Kxf4 Kc5 68. h5 Kd6 69. h6 Ke7 70. h7 Kf6 71. h8=Q+ Kf7 72. Qh6 Ke7 73. Ke5 Kd8 74. Qg7 Kc8 75. Qd7+ Kb8 76. Qb7# 1-0


[Site "https://www.chess.com"]

[Event "Titled Tuesday Blitz March 28 Early 2023"]
[White "Dobre, Claudiu-Cristian"]
[Black "Maranhao,Jose Renato Ruiz"]
[WhiteFideId "1211854"]
[BlackFideId "2135175"]
[WhiteElo "2207"]
[BlackElo "1970"]
[Result "1-0"]
[Round "01"]
[TimeControl "180+2"]
[Date "2023.03.28"]
[WhiteClock "0:00:17"]
[BlackClock "0:00:01"]

1. e4 c6 2. Nf3 d5 3. exd5 cxd5 4. Ne5 Qc7 5. Bb5+ Nc6 6. d4 Bd7 7. Nxd7 Qxd7 8. O-O Nf6 9. c3 e6 10. Nd2 Be7 11. Nf3 O-O 12. Ne5 Qc7 13. f4 Ne4 14. Bxc6 bxc6 15. f5 exf5 16. Rxf5 f6 17. Nd3 g6 18. Rf1 Bd6 19. Bf4 Rae8 20. Qf3 Bxf4 21. Qxf4 Qxf4 22. Nxf4 Re7 23. Rae1 Rb8 24. Re2 Reb7 25. Nd3 Re8 26. Nc5 Rbe7 27. Nxe4 Rxe4 28. Rxe4 Rxe4 29. Rxf6 Re1+ 30. Kf2 Rb1 31. b4 Rb2+ 32. Kf3 Rxa2 33. Rxc6 a5 34. b5 Rb2 35. Rc5 a4 36. Rxd5 a3 37. b6 Rxb6 38. Ra5 Rb3 39. Ke4 Rxc3 40. Ra7 Rc2 41. g4 Rxh2 42. d5 a2 43. Ke5 Rd2 44. d6 Re2+ 45. Kf6 Rf2+ 46. Ke6 Re2+ 47. Kd7 Rg2 48. Kc6 Rxg4 49. Rxa2 Rd4 50. Ra8+ Kg7 51. d7 h5 52. d8=Q Rxd8 53. Rxd8 Kf6 54. Kd5 Kf5 55. Rf8+ Kg4 56. Ke4 g5 57. Ke3 Kg3 58. Rf3+ Kg2 59. Rf5 g4 60. Rxh5 g3 61. Kf4 Kf2 62. Ra5 g2 63. Ra2+ Kf1 64. Kf3 g1=N+ 65. Ke3 1-0


[Site "https://www.chess.com"]

[Event "Titled Tuesday Blitz March 28 Early 2023"]
[White "Better_Chess_Faster"]
[Black "Ozates, Tuna"]
[BlackFideId "6354521"]
[WhiteElo "1990"]
[BlackElo "2151"]
[Result "0-1"]
[Round "01"]
[TimeControl "180+2"]
[Date "2023.03.28"]
[WhiteClock "0:00:03"]
[BlackClock "0:01:35"]

1. c4 e5 2. g3 Nf6 3. Bg2 h6 4. Nc3 Bb4 5. e4 O-O 6. Nge2 d6 7. a3 Bc5 8. b4 Bb6 9. d3 a5 10. Rb1 axb4 11. axb4 Nc6 12. O-O Be6 13. Nd5 Bxd5 14. cxd5 Nd4 15. Nxd4 Bxd4 16. Be3 Bxe3 17. fxe3 Qd7 18. Qe2 Ra3 19. Rfc1 Rfa8 20. Rc2 Ra1 21. Rbc1 c6 22. h3 cxd5 23. exd5 Qb5 24. e4 Qxb4 25. Kh2 Qd4 26. h4 h5 27. Bf3 g6 28. Rc8+ Rxc8 29. Rxc8+ Kg7 30. Rc2 b5 31. Rb2 Ng4+ 32. Bxg4 hxg4 33. Qf2 Qxd3 34. Rc2 Qxe4 0-1


[Site "https://www.chess.com"]

[Event "Titled Tuesday Blitz March 28 Early 2023"]
[White "Cori T., Deysi"]
[Black "Mathur, Rithwik"]
[WhiteFideId "3801934"]
[BlackFideId "30913667"]
[WhiteElo "2292"]
[BlackElo "2011"]
[Result "1-0"]
[Round "01"]
[TimeControl "180+2"]
[Date "2023.03.28"]
[WhiteClock "0:01:14"]
[BlackClock "0:01:19"]

1. Nf3 Nf6 2. d4 d5 3. c4 e6 4. Nc3 Nbd7 5. Bg5 Be7 6. e3 O-O 7. Bd3 c5 8. cxd5 Nxd5 9. Bxe7 Qxe7 10. O-O Nxc3 11. bxc3 e5 12. Qc2 g6 13. Bb5 exd4 14. cxd4 cxd4 15. Nxd4 Ne5 16. Rac1 a6 17. Ba4 b5 18. Bb3 Bb7 19. Qc7 Rfe8 20. Rfd1 Rac8 21. Qxe7 Rxe7 22. Rxc8+ Bxc8 23. Nxb5 axb5 24. Rd8+ Kg7 25. Rxc8 Rd7 26. Rc5 Nd3 27. Rxb5 f6 28. h4 Ne5 29. f3 h5 30. Bd5 Nd3 31. a4 Ne5 32. a5 g5 33. hxg5 fxg5 34. Rb7 Rxb7 35. Bxb7 1-0


[Site "https://www.chess.com"]

[Event "Titled Tuesday Blitz March 28 Early 2023"]
[White "hsd2016"]
[Black "Defend1r"]
[WhiteElo "1937"]
[BlackElo "2540"]
[Result "1-0"]
[Round "01"]
[TimeControl "180+2"]
[Date "2023.03.28"]
[WhiteClock "0:00:08"]
[BlackClock "0:00:45"]

1. e4 c5 2. Nf3 d6 3. d4 cxd4 4. Nxd4 Nf6 5. Nc3 a6 6. Be2 e5 7. Nf3 Be7 8. O-O O-O 9. h3 Be6 10. Be3 h6 11. a4 Nbd7 12. Qd2 Qb8 13. Nd5 Nxd5 14. exd5 Bf5 15. c4 Bh7 16. Rfe1 f5 17. Qb4 f4 18. Bb6 Nxb6 19. Qxb6 Bd8 20. Qb4 a5 21. Qc3 Bb6 22. Bd3 Bxd3 23. Qxd3 Qd8 24. Qe4 Rc8 25. b3 Bc5 26. Re2 Rf6 27. Nd2 Qb6 28. Qf3 Bd4 29. Rd1 Rcf8 30. Ne4 Rf5 31. Kh2 h5 32. Rd3 Kh7 33. h4 Kg8 34. Ng5 g6 35. Ne6 R8f7 36. Nxd4 exd4 37. Re4 Qd8 38. Qh3 Re7 39. Rdxd4 Qe8 40. Rxe7 Qxe7 41. Qf3 Qxh4+ 42. Kg1 Re5 43. Re4 Qf6 44. Rxf4 Qe7 45. g3 Kg7 46. Kg2 b6 47. Qc3 Kh6 48. Qd2 Kg7 49. Qc3 Kh7 50. Qf3 Kg8 51. Rf6 Kg7 52. Rf4 Qd7 53. Rf6 Rf5 54. Rxf5 gxf5 55. Qf4 Kg6 56. Qd4 Qd8 57. f3 Qe7 58. Kf2 Qg5 59. f4 Qd8 60. Qe3 Qd7 61. Qxb6 h4 62. gxh4 Qe7 63. Qe3 Qf6 64. Qg3+ Kh7 65. Kg2 Qb2+ 66. Kh3 Qe2 67. h5 Qf1+ 68. Kh4 Qh1+ 69. Kg5 Qa1 70. Kxf5 Qb1+ 71. Kg5 Qxb3 72. Qxb3 Kg7 73. Qb7+ Kf8 74. Kf6 Ke8 75. Qe7# 1-0


[Site "https://www.chess.com"]

[Event "Titled Tuesday Blitz March 28 Early 2023"]
[White "Belov, Alexei"]
[Black "Vargas, Mauricio"]
[WhiteFideId "4128206"]
[BlackFideId "4404572"]
[WhiteElo "2540"]
[BlackElo "2025"]
[Result "1-0"]
[Round "01"]
[TimeControl "180+2"]
[Date "2023.03.28"]
[WhiteClock "0:01:50"]
[BlackClock "0:00:34"]

1. e4 e5 2. Nf3 Nc6 3. Bb5 Nce7 4. O-O c6 5. Ba4 d6 6. d4 exd4 7. Nxd4 a5 8. c4 Nf6 9. Nc3 g6 10. f3 Bg7 11. Be3 O-O 12. Qd2 Bd7 13. Rad1 b5 14. cxb5 cxb5 15. Bxb5 Bxb5 16. Ndxb5 d5 17. exd5 Re8 18. Bf2 Qd7 19. d6 Nc6 20. Nc7 Rab8 21. Nxe8 Nxe8 22. Rfe1 Nf6 23. b3 Rc8 24. Nd5 Qxd6 25. Ne7+ 1-0


[Site "https://www.chess.com"]

[Event "Titled Tuesday Blitz March 28 Early 2023"]
[White "Da Paz, Leonardo Gadelha"]
[Black "Jimenez Almeida, Luis David"]
[WhiteFideId "2109743"]
[BlackFideId "22242244"]
[WhiteElo "1828"]
[BlackElo "2245"]
[Result "0-1"]
[Round "01"]
[TimeControl "180+2"]
[Date "2023.03.28"]
[WhiteClock "0:00:01"]
[BlackClock "0:01:52"]

1. e4 c6 2. d4 Na6 3. Nc3 Nc7 4. f4 g6 5. Nf3 d5 6. e5 Bg4 7. Be2 e6 8. Ng5 Bxe2 9. Qxe2 h6 10. Nf3 Be7 11. Be3 h5 12. h4 Nh6 13. Ng5 Nf5 14. Bf2 b5 15. Qd3 a5 16. a4 b4 17. Ne2 Qc8 18. b3 Qa6 19. Qxa6 Nxa6 20. Nc1 c5 21. dxc5 Nxc5 22. Nd3 Rc8 23. Nxc5 Bxc5 24. Bxc5 Rxc5 25. Kd2 Ke7 26. Nf3 Rhc8 27. Rac1 Ng3 28. Rhe1 Ne4+ 29. Kd1 Nc3+ 30. Kd2 Na2 31. Nd4 Nxc1 32. Rxc1 Kd7 33. Nb5 Ke7 34. Kd3 f6 35. g3 fxe5 0-1


[Site "https://www.chess.com"]

[Event "Titled Tuesday Blitz March 28 Early 2023"]
[White "Zaragatski, Ilja"]
[Black "Nan, M K Khine Hlyan"]
[WhiteFideId "4655192"]
[BlackFideId "13002899"]
[WhiteElo "2460"]
[BlackElo "1943"]
[Result "1-0"]
[Round "01"]
[TimeControl "180+2"]
[Date "2023.03.28"]
[WhiteClock "0:01:37"]
[BlackClock "0:01:19"]

1. e4 d6 2. d4 Nf6 3. Nc3 g6 4. f4 Bg7 5. Nf3 c5 6. dxc5 Qa5 7. Bd3 Qxc5 8. Qe2 Bg4 9. Be3 Qh5 10. O-O Bxf3 11. Rxf3 O-O 12. Kh1 Nc6 13. Qd2 Qa5 14. Raf1 Ng4 15. Bg1 Nd4 16. Rg3 Nh6 17. f5 e5 18. f6 Ndf5 19. exf5 Nxf5 20. Rxf5 gxf5 21. Rxg7+ Kh8 22. Qh6 1-0


[Site "https://www.chess.com"]

[Event "Titled Tuesday Blitz March 28 Early 2023"]
[White "Semenova, Alina"]
[Black "Kuzmin, Roman"]
[WhiteFideId "24113875"]
[BlackFideId "44134932"]
[WhiteElo "1833"]
[BlackElo "2146"]
[Result "0-1"]
[Round "01"]
[TimeControl "180+2"]
[Date "2023.03.28"]
[WhiteClock "0:00:02"]
[BlackClock "0:00:14"]

1. e4 c5 2. Nf3 d6 3. d4 cxd4 4. Nxd4 Nf6 5. Nc3 a6 6. f3 e5 7. Nb3 Be6 8. Be3 h5 9. Qd2 Nbd7 10. O-O-O Be7 11. Rg1 b5 12. Kb1 Nb6 13. h3 h4 14. f4 b4 15. Qf2 Nfd7 16. Nd5 Bxd5 17. exd5 Na4 18. fxe5 Nxe5 19. Be2 Bf6 20. Bd4 Kf8 21. Rgf1 Rh6 22. Bxe5 dxe5 23. d6 e4 24. Nd4 Qxd6 25. Nf5 Qe5 26. Qd4 Qxd4 27. Nxd4 Rg6 28. Bg4 Kg8 29. Rfe1 Rg5 30. Bd7 Nc5 31. Bg4 Rd8 32. Ne2 Rgd5 33. Rxd5 Rxd5 34. Nf4 Rd2 35. Ne2 Na4 36. Kc1 Rd6 37. c3 bxc3 38. bxc3 Nc5 39. Nd4 Nd3+ 40. Kd2 Nxe1 41. Kxe1 Bxd4 42. c4 Bc3+ 0-1


[Site "https://www.chess.com"]

[Event "Titled Tuesday Blitz March 28 Early 2023"]
[White "Kozlov, Gennady"]
[Black "Prado, Alexandra"]
[WhiteFideId "4191668"]
[BlackFideId "3301346"]
[WhiteElo "2356"]
[BlackElo "1759"]
[Result "1-0"]
[Round "01"]
[TimeControl "180+2"]
[Date "2023.03.28"]
[WhiteClock "0:02:34"]
[BlackClock "0:00:14"]

1. b3 d5 2. Bb2 Nc6 3. e3 e5 4. Bb5 Bd6 5. f4 Qe7 6. Nf3 f6 7. fxe5 fxe5 8. Bxc6+ bxc6 9. Nxe5 Bxe5 10. Qh5+ Kd8 11. Qxe5 Nf6 12. O-O Ba6 13. Rf4 Rf8 14. Qxe7+ Kxe7 15. Ba3+ Ke6 16. Bxf8 Rxf8 17. Nc3 g5 18. Rf2 1-0


[Site "https://www.chess.com"]

[Event "Titled Tuesday Blitz March 28 Early 2023"]
[White "So, Wesley"]
[Black "Schmakel, Sam"]
[WhiteFideId "5202213"]
[BlackFideId "2039311"]
[WhiteElo "2739"]
[BlackElo "2356"]
[Result "1-0"]
[Round "02"]
[TimeControl "180+2"]
[Date "2023.03.28"]
[WhiteClock "0:01:29"]
[BlackClock "0:00:11"]

1. d4 Nf6 2. Nf3 g6 3. Nbd2 d5 4. b3 Bg7 5. Bb2 O-O 6. e3 c5 7. dxc5 Qa5 8. a3 Qxc5 9. c4 Rd8 10. Rc1 dxc4 11. Bxc4 Qh5 12. Ne5 Qxd1+ 13. Rxd1 e6 14. Ke2 Nc6 15. Nxc6 bxc6 16. Nf3 Nd5 17. Bxg7 Kxg7 18. Rd3 Bb7 19. Rc1 Kf6 20. Nd2 Ke7 21. Ne4 Rab8 22. Nc5 Ba8 23. g3 a5 24. e4 Nb6 25. f4 Rxd3 26. Kxd3 Nd7 27. Kd4 Kd6 28. e5+ Ke7 29. Nxd7 Kxd7 30. Kc5 Kc7 31. Rd1 Bb7 32. Rd6 h6 33. g4 Re8 34. h4 Re7 35. Bd3 Re8 36. Be4 g5 37. fxg5 hxg5 38. h5 1-0


[Site "https://www.chess.com"]

[Event "Titled Tuesday Blitz March 28 Early 2023"]
[White "Bolourchifard, Farzad"]
[Black "Nakamura, Hikaru"]
[WhiteFideId "12510084"]
[BlackFideId "2016192"]
[WhiteElo "2317"]
[BlackElo "2879"]
[Result "1-0"]
[Round "02"]
[TimeControl "180+2"]
[Date "2023.03.28"]
[WhiteClock "0:01:35"]
[BlackClock "0:02:02"]

1. e4 g6 2. Nc3 c5 3. g3 Bg7 4. Bg2 Nc6 5. d3 d6 6. Be3 Nh6 7. h3 f5 8. Nge2 O-O 9. Qd2 Nf7 10. h4 fxe4 11. dxe4 Nce5 12. h5 Nc4 13. Qc1 Nxe3 14. Qxe3 g5 15. f4 gxf4 16. gxf4 Nh6 17. Bh3 b5 18. Bxc8 Qxc8 19. O-O-O Kh8 20. Rhg1 Rf7 21. f5 Ng8 22. Nd5 e6 23. Ndf4 Bh6 24. Rxd6 exf5 25. Rxh6 Nxh6 26. Qc3+ 1-0


[Site "https://www.chess.com"]

[Event "Titled Tuesday Blitz March 28 Early 2023"]
[White "Naroditsky, Daniel"]
[Black "Iskusnyh, Sergei"]
[WhiteFideId "2026961"]
[BlackFideId "4120027"]
[WhiteElo "2633"]
[BlackElo "2492"]
[Result "1-0"]
[Round "02"]
[TimeControl "180+2"]
[Date "2023.03.28"]
[WhiteClock "0:00:37"]
[BlackClock "0:00:02"]

1. d4 d5 2. Nc3 Nf6 3. Bf4 c5 4. e4 Nxe4 5. Nxe4 dxe4 6. dxc5 Qa5+ 7. c3 Qxc5 8. Qa4+ Nc6 9. Qxe4 g6 10. Nf3 Bg7 11. Rd1 O-O 12. Be3 Qa5 13. Bc4 Ne5 14. Nxe5 Qxe5 15. Qxe5 Bxe5 16. O-O Bc7 17. Bc5 Bf5 18. Bxe7 Rfe8 19. Bf6 Be5 20. Bxe5 Rxe5 21. Rd2 Rc8 22. Bb3 Be6 23. Bxe6 Rxe6 24. Rfd1 Kg7 25. f3 Rb6 26. Kf2 h5 27. Re1 Rc7 28. Re4 a6 29. a4 Rb3 30. Ke2 b5 31. Kd1 bxa4 32. Rxa4 Rcb7 33. Kc1 R7b6 34. c4 h4 35. h3 Rc6 36. Rc2 Re3 37. Kd2 Re7 38. c5 Re5 39. Rac4 Rd5+ 40. Ke3 Re6+ 41. Re4 Rc6 42. Rec4 Re6+ 43. Kf2 Rc6 44. b4 g5 45. Ra2 f6 46. Ke3 Kg6 47. Ke4 Rd1 48. Ke3 Re6+ 49. Re4 Rc6 50. Ke2 Rd5 51. Rd2 Rf5 52. Ra2 1-0


[Site "https://www.chess.com"]

[Event "Titled Tuesday Blitz March 28 Early 2023"]
[White "HSH1987"]
[Black "Vachier-Lagrave, Maxime"]
[BlackFideId "623539"]
[WhiteElo "2706"]
[BlackElo "2740"]
[Result "0-1"]
[Round "02"]
[TimeControl "180+2"]
[Date "2023.03.28"]
[WhiteClock "0:00:03"]
[BlackClock "0:00:27"]

1. Nf3 d5 2. g3 g6 3. Bg2 Bg7 4. O-O e5 5. d3 Ne7 6. c4 dxc4 7. dxc4 Qxd1 8. Rxd1 e4 9. Nfd2 f5 10. Nc3 Na6 11. f3 O-O 12. fxe4 c6 13. Nf3 Be6 14. exf5 Nxf5 15. Bg5 Bxc4 16. g4 Nh6 17. Rd7 Nc5 18. Rxg7+ Kxg7 19. Be7 Ne6 20. Bxf8+ Rxf8 21. h3 Nf7 22. Rd1 Rd8 23. Rxd8 Nexd8 24. b3 Be6 25. Nd4 Bd7 26. Ne4 b6 27. b4 Ne6 28. e3 Ne5 29. Nc3 Kf7 30. b5 c5 31. Nc2 Nc7 32. a4 Be6 33. Kf2 g5 34. Be4 h6 35. Ke2 Bb3 36. Ne1 Bc4+ 37. Kd2 Bf1 38. Bg2 Nc4+ 39. Kc1 Nxe3 40. Bxf1 Nxf1 41. Nf3 Ke6 42. h4 gxh4 43. Nxh4 Ne3 0-1


[Site "https://www.chess.com"]

[Event "Titled Tuesday Blitz March 28 Early 2023"]
[White "Erigaisi Arjun"]
[Black "Matinian, Nikita"]
[WhiteFideId "35009192"]
[BlackFideId "24129100"]
[WhiteElo "2737"]
[BlackElo "2422"]
[Result "1-0"]
[Round "02"]
[TimeControl "180+2"]
[Date "2023.03.28"]
[WhiteClock "0:00:18"]
[BlackClock "0:00:02"]

1. d3 g6 2. g3 Bg7 3. Bg2 e5 4. Nd2 Nc6 5. e3 f5 6. Ne2 Nf6 7. c4 O-O 8. O-O d6 9. a3 a5 10. Rb1 g5 11. b4 axb4 12. axb4 f4 13. b5 Ne7 14. Nc3 Bg4 15. Qb3 Qe8 16. c5+ Kh8 17. b6 Qh5 18. bxc7 f3 19. Nxf3 Bxf3 20. Bxf3 Qxf3 21. cxd6 Nf5 22. Qxb7 Qxb7 23. Rxb7 Nxd6 24. Rb6 Nc8 25. Re6 Re8 26. Rxe8+ Nxe8 27. Nd5 Ra1 28. e4 h6 29. Be3 Rxf1+ 30. Kxf1 Kg8 31. Ke2 Kf7 32. Kf3 Bf8 33. Kg4 Kg6 34. Nb6 Ned6 35. Nd7 h5+ 36. Kf3 g4+ 37. Ke2 Bg7 38. Bc1 Kf7 39. Bb2 Ke6 40. Nc5+ Ke7 41. f4 gxf3+ 42. Kxf3 Nb5 43. Na6 Kd7 44. g4 hxg4+ 45. Kxg4 Nxc7 46. Nxc7 Kxc7 47. Kf5 Kd6 48. Kg6 Bh8 49. Kf7 Kd7 50. Ba3 Nb6 51. h4 Na4 52. h5 Nc3 53. h6 Ne2 54. Bf8 Nf4 55. Bg7 Nxd3 56. Bxh8 Nf2 57. h7 Nxe4 58. Bf6 Nd6+ 59. Kg6 Ke6 60. h8=Q 1-0


[Site "https://www.chess.com"]

[Event "Titled Tuesday Blitz March 28 Early 2023"]
[White "polandchessplayer"]
[Black "Dubov, Daniil"]
[BlackFideId "24126055"]
[WhiteElo "2694"]
[BlackElo "2802"]
[Result "0-1"]
[Round "02"]
[TimeControl "180+2"]
[Date "2023.03.28"]
[WhiteClock "0:00:02"]
[BlackClock "0:00:49"]

1. c4 e5 2. Nc3 Nf6 3. Nf3 Nc6 4. e4 Bb4 5. d3 d6 6. a3 Bc5 7. b4 Bb6 8. Be3 O-O 9. Be2 Nh5 10. Nd5 f5 11. O-O Nf4 12. Nxf4 exf4 13. Bxb6 axb6 14. exf5 Bxf5 15. d4 Qf6 16. Qd2 Rae8 17. Rae1 Be4 18. d5 Ne5 19. Nxe5 Rxe5 20. Bd3 Rfe8 21. Bxe4 Rxe4 22. Rxe4 Rxe4 23. f3 Qd4+ 24. Qxd4 Rxd4 25. Rc1 Rd3 26. c5 bxc5 27. bxc5 Rxd5 28. cxd6 c6 29. a4 Rxd6 30. a5 Kf7 31. Rc4 g5 32. h4 h6 33. hxg5 hxg5 34. Rb4 Rd7 35. Kf2 Ke6 36. a6 b5 37. Re4+ Kd5 38. Re8 Ra7 39. Rg8 Rxa6 40. Rxg5+ Kd4 41. Rf5 Ra1 42. Rxf4+ Kd3 43. Rf8 b4 44. g4 b3 45. Rb8 Kc3 46. g5 b2 47. f4 b1=Q 48. Rxb1 Rxb1 49. g6 Kd4 50. g7 Rb8 0-1


[Site "https://www.chess.com"]

[Event "Titled Tuesday Blitz March 28 Early 2023"]
[White "Fedoseev, Vladimir"]
[Black "Rendle, Thomas E"]
[WhiteFideId "24130737"]
[BlackFideId "408760"]
[WhiteElo "2752"]
[BlackElo "2428"]
[Result "1/2-1/2"]
[Round "02"]
[TimeControl "180+2"]
[Date "2023.03.28"]
[WhiteClock "0:00:44"]
[BlackClock "0:00:22"]

1. e4 e6 2. d4 d5 3. Nd2 a6 4. Bd3 c5 5. Ngf3 Nf6 6. e5 Nfd7 7. c3 Nc6 8. O-O g5 9. h3 h5 10. g4 hxg4 11. hxg4 Be7 12. Re1 Qb6 13. dxc5 Qc7 14. Qe2 Nxc5 15. Nb3 b6 16. Nbd4 Bb7 17. Bc2 Nxd4 18. cxd4 Ne4 19. Kg2 O-O-O 20. Be3 Kb8 21. Rac1 Qd7 22. Bd3 Ka7 23. Rh1 Rc8 24. Rxc8 Qxc8 25. Rxh8 Qxh8 26. Qc2 Kb8 27. Qc1 f6 28. exf6 Bxf6 29. Qh1 Qc8 30. Qh6 e5 31. Bxe4 Qxg4+ 32. Kf1 dxe4 33. Qxf6 Qxf3 34. Qd8+ Ka7 35. dxe5 Qh1+ 36. Ke2 Qh5+ 37. Kd2 Qg6 38. Qf6 Qxf6 39. exf6 Bd5 40. Kc3 Kb7 41. Kd4 Kc6 42. Ke5 Bxa2 43. Bxg5 Bf7 44. Be3 b5 45. b4 Kd7 46. Bb6 Bc4 47. Kf5 Bf7 48. Ba5 Kd6 49. Kxe4 Ke6 50. Bd8 Bg6+ 51. Kd4 Kf7 52. Kc5 Bd3 53. Kb6 Bc4 54. Kxa6 Be2 55. Kb6 Bc4 56. Kc5 Bd3 57. Kd4 Bf1 58. f4 Bc4 59. Ke5 Bf1 60. Be7 Bc4 61. Bc5 Bf1 62. Bf2 Bc4 63. Bh4 Bf1 64. Kd4 Bc4 65. Ke3 Bf1 66. Kf2 Bc4 67. Kf3 Bd3 68. Kf2 Bc4 69. Ke1 Bd3 70. Kd2 Bc4 71. Kc3 Ke6 72. Kd4 Kf7 73. Ke5 Bf1 74. f5 Bc4 75. Bf2 Bf1 76. Bc5 Bc4 77. Be7 Bf1 78. Kf4 Bc4 79. Kg5 Bd3 80. Bc5 Bc4 81. Bd4 Bd3 82. Be3 Bc4 83. Kf4 Bd3 84. Bd4 Bf1 85. Ke4 Bc4 86. Be5 Bf1 87. Ke3 Bc4 88. Kd4 Bf1 89. Kc3 Bc4 90. Kd2 Bf1 91. Kc2 Bc4 92. Kd1 Bf1 93. Kd2 Bc4 94. Ke1 Bd3 95. Kd2 Bc4 96. Kc3 Bf1 97. Kd4 Bc4 98. Ke4 Bf1 99. Kf4 Bc4 100. Bd4 Bd3 101. Ke5 Bc4 102. Be3 Bf1 103. Bg5 1/2-1/2


[Site "https://www.chess.com"]

[Event "Titled Tuesday Blitz March 28 Early 2023"]
[White "Subelj, Jan"]
[Black "Bortnyk, Olexandr"]
[WhiteFideId "14618583"]
[BlackFideId "14120828"]
[WhiteElo "2474"]
[BlackElo "2734"]
[Result "0-1"]
[Round "02"]
[TimeControl "180+2"]
[Date "2023.03.28"]
[WhiteClock "0:00:02"]
[BlackClock "0:01:01"]

1. e4 Nf6 2. e5 Nd5 3. d4 d6 4. Nf3 dxe5 5. Nxe5 c6 6. Be2 Bf5 7. O-O Nd7 8. Nf3 e6 9. c4 N5f6 10. Nc3 Bd6 11. Nh4 Bg6 12. Nxg6 hxg6 13. g3 O-O 14. Bf3 e5 15. Be3 exd4 16. Bxd4 Be5 17. Re1 Qa5 18. Qd2 Rad8 19. Rad1 Bxd4 20. Qxd4 Nc5 21. Qe3 Rxd1 22. Rxd1 Re8 23. Qd4 Ne6 24. Qd2 Qf5 25. Bg2 Rd8 26. Qe1 Nd4 27. Qe3 Ng4 28. Rxd4 Nxe3 29. Rxd8+ Kh7 30. fxe3 Qc2 31. Nd1 Qxc4 32. a3 a5 33. Rd4 Qc2 34. Bf1 b5 35. Rd7 b4 36. axb4 axb4 37. Bg2 f6 38. Bf3 c5 39. Rd5 c4 40. h4 b3 41. h5 c3 42. hxg6+ Kh6 43. Rd2 cxd2 0-1


[Site "https://www.chess.com"]

[Event "Titled Tuesday Blitz March 28 Early 2023"]
[White "Giri, Anish"]
[Black "Darini, Pouria"]
[WhiteFideId "24116068"]
[BlackFideId "12502200"]
[WhiteElo "2807"]
[BlackElo "2482"]
[Result "1-0"]
[Round "02"]
[TimeControl "180+2"]
[Date "2023.03.28"]
[WhiteClock "0:01:33"]
[BlackClock "0:00:01"]

1. e4 c5 2. Nf3 Nc6 3. Bb5 e6 4. O-O Nge7 5. Re1 b6 6. Nc3 Bb7 7. d4 cxd4 8. Nxd4 Nxd4 9. Qxd4 a6 10. Bf1 Nc6 11. Qd1 Bc5 12. Na4 Bd4 13. c3 Be5 14. Be3 Bc7 15. c4 O-O 16. c5 bxc5 17. Nxc5 Bc8 18. Rc1 Qe7 19. a3 Rd8 20. b4 d5 21. exd5 Rxd5 22. Qe2 Nd4 23. Bxd4 Rxd4 24. Qf3 Ra7 25. g3 g6 26. Qc3 Rd8 27. Ne4 e5 28. Qe3 Ra8 29. Bc4 Be6 30. Bxe6 fxe6 31. Rc6 Rd7 32. Rec1 Rad8 33. Qb3 Kf7 34. Rxe6 1-0


[Site "https://www.chess.com"]

[Event "Titled Tuesday Blitz March 28 Early 2023"]
[White "Kozak, Antoni"]
[Black "Andreikin, Dmitry"]
[WhiteFideId "21832030"]
[BlackFideId "4158814"]
[WhiteElo "2470"]
[BlackElo "2736"]
[Result "0-1"]
[Round "02"]
[TimeControl "180+2"]
[Date "2023.03.28"]
[WhiteClock "0:00:04"]
[BlackClock "0:00:19"]

1. d4 Nf6 2. Nf3 d5 3. Bg5 Ne4 4. Bh4 Bf5 5. e3 c6 6. c4 Qb6 7. Qb3 Na6 8. c5 Qxb3 9. axb3 Nb4 10. Ra4 a5 11. Nc3 f6 12. Be2 Kd7 13. Nd2 g5 14. Bg3 Nxg3 15. hxg3 e5 16. O-O exd4 17. exd4 Bg7 18. Rfa1 Rhe8 19. Rxa5 Rxa5 20. Rxa5 Nc2 21. Ra4 Bg6 22. Kf1 f5 23. Nf3 g4 24. Ne5+ Bxe5 25. dxe5 Rxe5 26. f4 gxf3 27. gxf3 d4 28. Nd1 Rxc5 29. Bd3 f4 30. Bxc2 Bxc2 31. Rxd4+ Rd5 32. Rxd5+ cxd5 33. Nc3 d4 34. Nb5 Bd3+ 35. Kg2 Bxb5 36. gxf4 Ke6 37. Kg3 Kf5 0-1


[Site "https://www.chess.com"]

[Event "Titled Tuesday Blitz March 28 Early 2023"]
[White "Svane, Rasmus"]
[Black "Jessel, Stephen"]
[WhiteFideId "4657101"]
[BlackFideId "628859"]
[WhiteElo "2597"]
[BlackElo "2268"]
[Result "0-1"]
[Round "02"]
[TimeControl "180+2"]
[Date "2023.03.28"]
[WhiteClock "0:00:07"]
[BlackClock "0:00:07"]

1. Nf3 b6 2. g3 Bb7 3. Bg2 g6 4. O-O Bg7 5. d4 f5 6. c4 Nf6 7. Nc3 O-O 8. d5 c6 9. Nd4 Qc8 10. Bf4 Re8 11. Rc1 e5 12. dxe6 dxe6 13. Nf3 Nh5 14. Be5 Bh6 15. e3 Nd7 16. Ne2 c5 17. Bc3 e5 18. Qc2 Be4 19. Qb3 Qb7 20. Ne1 Bxg2 21. Nxg2 Ndf6 22. Rcd1 Ne4 23. Be1 Ng5 24. Rd5 Nf6 25. Nc3 Rad8 26. f3 e4 27. fxe4 Ngxe4 28. Nxe4 Nxe4 29. Bf2 Nf6 30. Rxd8 Rxd8 31. Rd1 Rd7 32. Nf4 Qf3 33. Rxd7 Nxd7 34. Qd3 Qc6 35. Nd5 Kf7 36. e4 Ne5 37. Qe2 Qe6 38. exf5 Qxf5 39. Kg2 Bf8 40. Be1 Nd3 41. Bc3 Bd6 42. Qf3 Nc1 43. a3 Qxf3+ 44. Kxf3 Nb3 45. Ke3 Ke6 46. Kd3 Be5 47. Kc2 Bxc3 48. Kxb3 Bd4 49. Nc7+ Ke5 50. Nb5 a5 51. Nc7 Bg1 52. h3 Bh2 53. g4 Kf4 54. Nd5+ Kg3 55. Nxb6 Kxh3 56. Nd7 Bd6 57. Nf6 h6 58. Ka4 Be5 59. Ne4 Bxb2 60. Kxa5 Bxa3 61. Nf6 Kh4 62. Kb5 Kg5 63. Ng8 Bb4 64. Ne7 Kxg4 65. Nxg6 h5 66. Ne5+ Kg3 67. Nd3 h4 68. Nc1 h3 69. Ne2+ Kf2 70. Nf4 h2 71. Nd3+ Kg1 72. Ne5 h1=Q 73. Nc6 Qe4 74. Na5 Qa8 75. Nc6 Qb7+ 76. Ka4 Qxc6+ 77. Kb3 Qa6 78. Kb2 Qa3+ 79. Kc2 Qc3+ 80. Kb1 Qd2 81. Ka1 Bc3+ 82. Kb1 Qb2# 0-1


[Site "https://www.chess.com"]

[Event "Titled Tuesday Blitz March 28 Early 2023"]
[White "Kadam, Om Manish"]
[Black "Firouzja, Alireza"]
[WhiteFideId "45076294"]
[BlackFideId "12573981"]
[WhiteElo "2221"]
[BlackElo "2904"]
[Result "0-1"]
[Round "02"]
[TimeControl "180+2"]
[Date "2023.03.28"]
[WhiteClock "0:01:51"]
[BlackClock "0:02:03"]

1. e4 c5 2. Nf3 d6 3. d4 cxd4 4. Nxd4 Nf6 5. Nc3 a6 6. g3 e6 7. Bg2 Be7 8. O-O O-O 9. a4 Qc7 10. h3 Nc6 11. g4 Nd7 12. Nde2 Rb8 13. Be3 b5 14. axb5 axb5 15. Ng3 Nce5 16. Ra7 Qc6 17. f4 Nc4 18. e5 d5 19. Bc1 Bc5+ 20. Kh2 Bxa7 21. f5 Ncxe5 22. Qe2 b4 23. Nd1 Ba6 0-1


[Site "https://www.chess.com"]